 Dungeon Crawl Stone Soup version 0.23.2-1-ga50397a6bc (webtiles) character file.

Game seed: 10432824659150306191

195 Mrkan the Cudgeler (level 5, -5/34 HPs)
             Began as a Gargoyle Fighter on May 18, 2019.
             Was an Initiate of Makhleb.
             Killed from afar by an orc wizard (11 damage)
             ... with a puff of frost
             ... on level 4 of the Dungeon.
             The game lasted 00:04:29 (2387 turns).

Mrkan the Cudgeler (Gargoyle Fighter)               Turns: 2387, Time: 00:04:30

Health: -5/34      AC: 10    Str: 20    XL:     5   Next: 74%
Magic:  5/5        EV:  7    Int:  9    God:    Makhleb [......]
Gold:   254        SH:  9    Dex:  9    Spells: 4/4 levels left

rFire    . . .     SeeInvis .   a - +0 flail
rCold    . . .     Gourm    .   c - +0 shield
rNeg     + . .     Faith    .   b - +0 scale mail
rPois    ∞         Spirit   .   (no helmet)
rElec    +         Reflect  .   (no cloak)
rCorr    .         Harm     .   (no gloves)
MR       .....                  (no boots)
Stlth    ..........             (no amulet)
HPRegen  0.11/turn              (no ring)
MPRegen  0.09/turn              (no ring)

@: no status effects
A: negative energy resistance 1, electricity resistance, unbreathing,
petrification resistance, rot immunity, AC +4
a: Renounce Religion


You were on level 4 of the Dungeon.
You worshipped Makhleb.
Makhleb was noncommittal.
You were not hungry.

You visited 1 branch of the dungeon, and saw 4 of its levels.

You collected 254 gold pieces.

Inventory:

Hand Weapons
 a - a +0 flail (weapon)
 s - a +0 mace of venom
Armour
 b - a +0 scale mail (worn)
 c - a +0 shield (worn)
 r - a +2 helmet
Jewellery
 g - a cursed ring of attention {unknown}
 n - an uncursed ring of resist corrosion {unknown}
Wands
 o - a wand of digging (4)
Scrolls
 i - 2 scrolls of immolation {unknown}
 k - a scroll of enchant armour {unknown}
 l - a scroll of remove curse {unknown}
 p - 4 scrolls of identify {unknown}
 q - a scroll of magic mapping {unknown}
Potions
 d - 2 potions of might
 e - a potion of mutation {unknown}
 h - 6 potions of curing {unknown}
 j - 3 potions of haste {unknown}
 m - a potion of heal wounds {unknown}
Comestibles
 f - 8 rations
 t - 2 chunks of flesh


   Skills:
 + Level 4.6 Fighting
 * Level 4.7 Maces & Flails
 - Level 3.2 Armour
 - Level 3.2 Shields
 + Level 1.2 Invocations


You had 4 spell levels left.
You didn't know any spells.
Your spell library was empty.

Dungeon Overview and Level Annotations

Branches:
Dungeon (4/15)
 Temple: D:4-7

Altars:
Hepliaklqana
Makhleb
Sif Muna
Uskayaw

Annotations:
D:3 2 transporters, Descartes's ghost, amateur MfFi


Innate Abilities, Weirdness & Mutations

You are resistant to torment.
Your stone body is resilient. (AC +4)
You are immune to poison.
You resist negative energy. (rN+)
You are resistant to electric shocks. (rElec)
You can survive without breathing.
You are immune to petrification.
You are immune to rotting.


Message History

The orc wizard hits you but does no damage.
You block the orc's attack. You block the orc wizard's attack.
The howler monkey skeleton closely misses you.
The orc wizard barely misses you. The orc hits you but does no damage. x2
The orc wizard hits you but does no damage.
You block the orc wizard's attack. The orc hits you but does no damage.
You block the orc wizard's attack.
The orc wizard hits you but does no damage.
The orc wizard points at you and mumbles some strange words.
The puff of flame hits you.
* * * LOW HITPOINT WARNING * * *
You see here a wand of random effects (25).
You block the orc wizard's attack. x2
The orc wizard hits you with a +0 dagger.
* * * LOW HITPOINT WARNING * * *
The orc wizard hits you but does no damage.
The orc wizard looks braver for a moment.
The orc wizard casts a spell at you. The puff of frost hits you!
You die...

...............#........#
#.........>..........#...
##......................#
#/......../.8.......8..##.
.....(.....oo.............
...........Z8.......8.....
............oo..)........#
..##......#.8..._...8....#
# ##.....#...@###.......#
##..................##
#................###
..............######
.......##.##.##...#
......##...##.#...##
.....##.....##.....#
....#.......#....##
....._.......##


You could see 2 orc wizards, 2 orcs and a howler monkey skeleton.

Vanquished Creatures
  A hound (D:4)
  A worker ant (D:4)
  6 adders
  2 oozes (D:1)
  4 worms
  2 dart slugs (D:2)
  3 leopard geckos
  An orc (D:4)
  6 bats
  5 giant cockroaches
  4 goblins
  9 hobgoblins
  6 jackals (D:3)
  3 kobolds (D:2)
  3 frilled lizards
  8 rats
64 creatures vanquished.

Notes
Turn   | Place    | Note
-------+----------+-------------------------------------------
     0 | D:1      | Mrkan the Gargoyle Fighter began the quest for the Orb.
     0 | D:1      | Reached XP level 1. HP: 14/14 MP: 1/1
   133 | D:1      | Reached XP level 2. HP: 19/19 MP: 2/2
   606 | D:2      | Reached XP level 3. HP: 20/24 MP: 3/3
  1034 | D:2      | Reached XP level 4. HP: 27/29 MP: 4/4
  1205 | D:3      | Found a transporter.
  1210 | D:3      | Found a burning altar of Makhleb.
  1522 | D:3      | Noticed Descartes's ghost (amateur MfFi)
  1536 | D:3      | Found a transporter.
  1873 | D:3      | Found a deep blue altar of Sif Muna.
  2042 | D:3      | Became a worshipper of Makhleb the Destroyer
  2235 | D:4      | Reached XP level 5. HP: 34/34 MP: 5/5
  2276 | D:4      | Reached skill level 1 in Invocations
  2335 | D:4      | Found a hazy altar of Hepliaklqana.
  2349 | D:4      | Found a hide-covered altar of Uskayaw.
  2387 | D:4      | Killed from afar by an orc wizard

Skill      XL: |  1  2  3  4  5 |
---------------+----------------+-----
Maces & Flails | 3 4 |  4.7
Fighting       | 4 |  4.6
Invocations    | 1 |  1.2
Armour         | |  3.2
Shields        | |  3.2

Action                   |  1- 3 |  4- 6 || total
-------------------------+-------+-------++-------
Melee: Flail             |   139 |   146 ||   285
  Eat: Chunk             |       |     5 ||     5
Armor: Scale mail        |    85 |   130 ||   215
Dodge: Dodged            |    44 |    75 ||   119
Block: Shield            |    71 |   119 ||   190
